 Dungeon Crawl Stone Soup version 0.19-a0-277-g85cb9a5 (webtiles) character file.

882 namelastname112 the Sneak (level 8, 0/52 HPs)
             Began as a Halfling Assassin on May 26, 2016.
             Slain by an ogre
             ... wielding a +0 giant club
              (24 damage)
             ... on level 5 of the Dungeon.
             The game lasted 00:07:51 (4527 turns).

namelastname112 the Sneak (Halfling Assassin)       Turns: 4527, Time: 00:07:52

Health: 0/52       AC:  4    Str: 11    XL:     8   Next: 25%
Magic:  8/8        EV: 16    Int: 10    God:
Gold:   145        SH:  6    Dex: 18    Spells: 0 memorised, 7 levels left

rFire  . . .     SeeInvis .     b - +0 blowgun
rCold  . . .     Gourm    .     c - +0 robe
rNeg   . . .     Faith    .     q - +0 buckler
rPois  +         Spirit   .     a - +0 helmet (curse)
rElec  .         Dismiss  .     d - +0 cloak
rCorr  .         Reflect  .     (no gloves)
SustAt .         Harm     .     (no boots)
MR     .....                    (no amulet)
Stlth  +++.......               x - ring of loudness (curse)
                                l - ring of poison resistance

@: not resistant to hostile enchantments, fairly stealthy
A: mutation resistance 1
a: no special abilities


You were on level 5 of the Dungeon.
You were hungry.

You visited 1 branch of the dungeon, and saw 5 of its levels.

You collected 145 gold pieces.

Inventory:

Hand Weapons
 b - a +0 blowgun (weapon)
 s - a +1 short sword of protection
 B - a +1 short sword of holy wrath
Missiles
 e - 34 poisoned needles (quivered)
 f - 9 curare-tipped needles
 y - 2 throwing nets
Armour
 a - a cursed +0 helmet (worn)
 c - a +0 robe (worn)
 d - a +0 cloak (worn)
 q - a +0 buckler (worn)
Jewellery
 l - a ring of poison resistance (left hand)
 x - a cursed ring of loudness (right hand)
Scrolls
 i - 2 scrolls of fear {unknown}
 j - a scroll of immolation {unknown}
 m - 2 scrolls of identify {unknown}
 n - 2 scrolls of recharging {unknown}
 r - a scroll of teleportation {unknown}
 w - a scroll of magic mapping {unknown}
 C - a scroll of enchant weapon {unknown}
 D - a scroll of random uselessness {unknown}
Potions
 k - a potion of degeneration {unknown}
 o - a potion of cure mutation
 p - a potion of heal wounds
 t - 2 potions of haste {unknown}
 u - a potion of flight {unknown}
 z - a potion of might {unknown}
Books
 A - a book of Cantrips

   Spells                             Type                      Level
   a - Corona                         Hexes                        1
   b - Animate Skeleton               Necromancy                   1
   c - Summon Small Mammal            Summoning                    1
   d - Apportation                    Translocation                1
Comestibles
 g - 3 bread rations
 h - 3 slices of pizza
 v - 4 fruits


   Skills:
 + Level 3.4 Fighting
 + Level 5.0 Short Blades
 + Level 4.5 Throwing
 + Level 3.3 Armour
 + Level 3.4 Dodging
 + Level 5.7 Stealth
 + Level 3.2 Shields


You had 7 spell levels left.
You didn't know any spells.

Dungeon Overview and Level Annotations

Branches:
Dungeon (5/15)
 Temple: D:4-7

Altars:
Hepliaklqana

Shops:
D:4 }}

Annotations:
D:5 George's ghost, novice DsGl


Innate Abilities, Weirdness & Mutations

You are small and have problems with some larger weapons.
You are somewhat resistant to further mutation.


Message History

The crimson imp is almost dead.
The crimson imp hits you. You block the ogre's attack.
You closely miss the crimson imp.
The crimson imp is almost dead.
You block the crimson imp's attack. You block the ogre's attack.
You hit the crimson imp.
The crimson imp is almost dead.
The crimson imp closely misses you.
You take 21 damage, and have 22/52 hp.
MASSIVE DAMAGE!!
The crimson imp barely misses you.
The crimson imp blinks!
You feel less protected.
You are now empty-handed.
Wield which item (- for none, * to show all)? (? for menu, Esc to quit)
b - a +0 blowgun (weapon)
Firing (i - inventory. (,) - cycle):
e - 35 poisoned needles (quivered)
Press: ? - help, Shift-Dir - straight line, f - ogre
Aim: an ogre, wielding a giant club You shoot a poisoned needle.
The poisoned needle hits the ogre!
The ogre is poisoned.
The ogre hits you with a giant club!!
You die...

#...)..........
#.(............=#
#<...............
###................
##........)†........
###.§#...............%
##..O#.................
#..####.......#........
#....O@..###.....#.....
#.#........#...........
########.:..........).(
##..#..?....#o..
..######.O....
.##.....<>...
##......W.##
............
##..........


You could see an ogre.

Vanquished Creatures
  Sigmund (D:3)
  Edmund (D:4)
  An ogre (D:5)
  A water moccasin zombie (D:5)
  A howler monkey (D:4)
  Crazy Yiuf (D:2)
  An orc priest (D:3)
  2 orc wizards (D:4)
  An iguana (D:4)
  Ijyb (D:3)
  A worker ant (D:4)
  6 gnolls
  7 adders
  2 oozes
  3 worms
  A dart slug (D:2)
  3 giant geckos
  13 orcs
  5 ball pythons
  6 bats
  9 giant cockroaches
  9 goblins
  9 hobgoblins
  2 jackals (D:3)
  3 quokkas
  8 giant newts
  7 kobolds
  11 rats
  A plant (D:3)
117 creatures vanquished.

Notes
Turn   | Place    | Note
--------------------------------------------------------------
     0 | D:1      | namelastname112 the Halfling Assassin began the quest for the Orb.
     0 | D:1      | Reached XP level 1. HP: 14/14 MP: 1/1
     0 | D:1      | Noticed a gargoyle
     1 | D:1      | Noticed a spriggan
     1 | D:1      | Noticed a felid
     3 | D:1      | Noticed a vampire
     7 | D:1      | Noticed a ghoul
     8 | D:1      | Noticed a naga
     9 | D:1      | Noticed a centaur
    13 | D:1      | Noticed an elf
    13 | D:1      | Noticed a spriggan
    15 | D:1      | Noticed an octopode
    15 | D:1      | Noticed a vine stalker
    17 | D:1      | Noticed a felid
    19 | D:1      | Noticed a centaur
    19 | D:1      | Noticed a formicid
    23 | D:1      | Noticed a formicid
   143 | D:1      | Reached XP level 2. HP: 18/19 MP: 2/2
   268 | D:1      | Reached skill level 1 in Armour
   268 | D:1      | Reached XP level 3. HP: 19/24 MP: 3/3
  1021 | D:2      | Reached XP level 4. HP: 26/29 MP: 4/4
  1146 | D:2      | Reached skill level 1 in Shields
  1146 | D:2      | Reached XP level 5. HP: 34/34 MP: 5/5
  1624 | D:2      | Noticed Crazy Yiuf
  1638 | D:2      | Killed Crazy Yiuf
  1638 | D:2      | Reached skill level 5 in Stealth
  1929 | D:3      | Noticed Ijyb
  1931 | D:3      | Reached XP level 6. HP: 40/40 MP: 6/6
  1951 | D:3      | HP: 2/40 [orc priest/divine providence (12)]
  1992 | D:3      | Killed Ijyb
  2592 | D:3      | Noticed Sigmund
  2621 | D:3      | Killed Sigmund
  2621 | D:3      | Reached XP level 7. HP: 18/45 MP: 7/7
  3003 | D:3      | Found a hazy altar of Hepliaklqana.
  3450 | D:4      | Found Ququyt's Gadget Shop.
  3579 | D:4      | Noticed Edmund
  3583 | D:4      | Found Gonaorhe's Gadget Boutique.
  3612 | D:4      | Killed Edmund
  4081 | D:5      | Entered Level 5 of the Dungeon
  4093 | D:5      | Noticed George's ghost (novice DsGl)
  4101 | D:4      | Reached XP level 8. HP: 14/52 MP: 8/8
  4441 | D:5      | Reached skill level 5 in Short Blades
  4527 | D:5      | Slain by an ogre

Vault maps used:
D:1:      shiori_arrival_whats_in_store_for_you
D:2:      first_bread, serial_bayou_pond_b, uniq_crazy_yiuf_cottage
D:3:      lemuel_doored_altar, serial_bayou, serial_bayou_lake_a,
          serial_bayou_pond_e, serial_bayou_shore_b, serial_bayou_pond_d,
          uniq_iyjb, uniq_sigmund
D:4:      serial_shops, nicolae_shop_stone, shop, uniq_edmund
D:5:      lemuel_temple_firewalk

Skill      XL: |  1  2  3  4  5  6  7  8 |
---------------+-------------------------+-----
Short Blades   | 3 4 5 |  5.0
Fighting       | 2 3 |  3.4
Armour         | 1 2 3 |  3.3
Throwing       | 3 4 |  4.5
Shields        | 1 2 3 |  3.2
Stealth        | 5 |  5.7
Dodging        | 2 3 |  3.4

Action                   |  1- 3 |  4- 6 |  7- 9 || total
-------------------------+-------+-------+-------++-------
Melee: Dagger            |    71 |       |       ||    71
       Short sword       |    23 |   206 |   381 ||   610
 Fire: Blowgun           |       |    11 |    13 ||    24
  Use: Potion            |       |     4 |       ||     4
 Stab: Sleeping          |     7 |    10 |     5 ||    22
       Distracted        |     1 |     1 |       ||     2
  Eat: Chunk             |       |     5 |     7 ||    12
Armor: Robe              |    18 |    50 |    48 ||   116
Dodge: Dodged            |    60 |   164 |   139 ||   363
Block: Buckler           |     5 |    53 |    65 ||   123
